 Dungeon Crawl Stone Soup version 0.32-a0-135-g14f8b2e1af (webtiles) character file.

Game seed: 17908077278811368840

60 ghhjgh the Trooper (level 3, 0/33 HPs)
             Began as a Minotaur Fighter on Feb 10, 2024.
             Slain by an orc priest
             ... wielding a +0 trident
              (3 damage)
             ... on level 3 of the Dungeon.
             The game lasted 00:03:21 (1445 turns).

ghhjgh the Trooper (Minotaur Fighter)               Turns: 1445, Time: 00:03:21

Health: 0/33       AC: 11    Str: 24    XL:     3   Next: 80%
Magic:  2/2        EV:  9    Int: 10    God:
Gold:   95         SH:  0    Dex:  6    Spells: 2/2 levels left

rFire   . . .        a - +0 war axe
rCold   . . .        k - +8 kite shield of Voiziph {Str+4 Int+5 Dex-5}
rNeg    . . .        b - +0 scale mail
rPois   .            (helmet restricted)
rElec   .            (no cloak)
rCorr   .            (no gloves)
SInv    .            (no boots)
Will    .....        (no amulet) Stlth
                     e - ring of flight
HPRegen 0.25/turn    g - +4 ring of protection
MPRegen 0.08/turn

%: no passive effects
@: confused, flying
A: horns 2, retaliatory headbutt
a: no special abilities


You were on level 3 of the Dungeon.
You visited 1 branch of the dungeon, and saw 3 of its levels.

You collected 95 gold pieces.

Inventory:

Hand Weapons
 a - a +0 war axe (weapon)
Armour
 b - a +0 scale mail (worn)
 c - a +0 buckler
 k - the +8 kite shield of Voiziph (worn) {Str+4 Int+5 Dex-5}
   (You acquired it on level 2 of the Dungeon)

   Str+4:     It affects your strength (+4).
   Int+5:     It affects your intelligence (+5).
   Dex-5:     It affects your dexterity (-5).
Jewellery
 e - a ring of flight (left hand)
 g - a +4 ring of protection (right hand)
Potions
 d - a potion of might
 f - 3 potions of resistance
 h - 2 potions of curing
 i - a potion of heal wounds {unknown}
 j - a potion of invisibility {unknown}


   Skills:
 + Level 4.2 Fighting
 + Level 3.1 Axes
 + Level 4.1 Armour
 + Level 1.3 Dodging
 + Level 4.1 Shields


You had 2 spell levels left.
You didn't know any spells.
Your spell library contained the following spells:

 Spells                   Type           Power      Damage    Failure   Level
 Hailstorm                Conj/Ice       0%         3d5       99%         3
 Summon Ice Beast         Ice/Summ       0%         N/A       99%         3
 Sculpt Simulacrum        Ice/Alch       0%         N/A       100%        6


Dungeon Overview and Level Annotations

Branches:
Dungeon (3/15)

Altars:


Innate Abilities, Weirdness & Mutations

You have a pair of horns on your head.
You reflexively headbutt those who attack you in melee.


Message History

The orc priest hits you but does no damage.
You are too confused!
Unknown command.
You are too confused!
Unknown command.
Unknown command.
You are too confused!
You are too confused!
You bump into the rock wall.
Something hits you but does no damage. The orc priest barely misses you.
You bump into the rock wall.
Something hits you but does no damage.
The orc priest looks braver for a moment.
You slash something! Your headbutt misses something.
Something hits you but does no damage.
The orc priest hits you from afar with a +0 trident.
You are too injured to fight recklessly!
You're too confused to move!
You feel less confused.
You hear some strange, mumbled words.
You are confused.
The orc priest hits you but does no damage.
You bump into the rock wall.
You hear some strange, mumbled words.
A magic dart appears from out of thin air!
The magic dart hits you but does no damage.
The orc priest mumbles some strange prayers to Beogh against you.
Something writhes in agony.
Reactivating autopickup.
You feel a bit more experienced.
You miss the orc.
The orc priest hits you from afar with a +0 trident.
The orc hits you but does no damage.
The orc priest calls down the wrath of Beogh upon you.
Beogh smites you!
* * * LOW HITPOINT WARNING * * *
The orc hits you but does no damage.
You closely miss the orc. You headbutt the orc.
The orc is moderately wounded.
The orc priest hits you from afar with a +0 trident.
You die...

######### #. #####
....... ..
.....o###)#.##### #.
#..oro@........# #.
#...#####.#.#....#
#.
#.......).#.########
#.
...######........#
#%
........#####.###.
#######.# #.#... #.#
#.#.## ..# #.#.##
..#####.#...


You could see an orc priest, 2 orcs and a quokka.

Vanquished Creatures
  An adder (D:3)
  A dart slug (D:1)
  A ribbon worm (D:2)
  An orc (D:3)
  4 ball pythons
  An endoplasm (D:1)
  A giant cockroach (D:1)
  3 hobgoblins
  A quokka (D:1)
  4 bats
  3 frilled lizards
  2 goblins
  5 kobolds
  6 rats
34 creatures vanquished.

Vanquished Creatures (others)
  An orc wizard (D:3)
1 creature vanquished.

Grand Total: 35 creatures vanquished

Notes
Turn   | Place    | Note
-------+----------+-------------------------------------------
     0 | D:1      | ghhjgh the Minotaur Fighter began the quest for the Orb.
     0 | D:1      | Reached XP level 1. HP: 19/19 MP: 0/0
   324 | D:1      | Reached XP level 2. HP: 27/27 MP: 1/1
   370 | D:1      | You are sucked into a shaft and drop 1 floor!
   721 | D:1      | Reached skill level 1 in Dodging
  1088 | D:2      | Identified a scroll of acquirement
  1088 | D:2      | Acquired the +8 kite shield of Voiziph {Str+4 Int+5 Dex-5}
  1169 | D:2      | Reached XP level 3. HP: 33/33 MP: 2/2
  1396 | D:3      | Identified the +7 rapier "Zilid" {distort, ^Drain Fly rN+
                  | Dex+2}
  1445 | D:3      | Slain by an orc priest

Illustrated notes

Levels and vault maps discovered:
D:1:      matt_arrival_refuge, layout_loops_corners
D:2:      layout_basic, minmay_misc_feat_columns
D:3:      layout_basic, minmay_misc_feat_square, kennysheep_generic_room_4

Skill      XL: |  1  2  3 |
---------------+----------+-----
Dodging        | 1 |  1.3
Shields        | 4 |  4.1
Fighting       | 4 |  4.2
Armour         | 4 |  4.1
Axes           | 3 |  3.1

Action                     || total
---------------------------++-------
  Melee: War axe           ||    78
         Headbutt          ||     8
    Use: Scroll            ||     5
 Armour: Scale mail        ||    68
  Dodge: Dodged            ||    26
  Block: Buckler           ||    11
         Kite shield       ||    18

Table legend: (Time is in decaauts)
 A = Elapsed time spent in this place.
 B = Non-inter-level travel time spent in this place.
 C = Inter-level travel time spent in this place.
 D = Time resting spent in this place.
 E = Time spent auto-exploring this place.
 F = Levels seen in this place.
 G = Mean time per level.
                   A        B        C        D        E       F      G
               +--------+--------+--------+--------+--------+-----+--------+
         Total |   1476 |   1403 |     73 |      0 |   1106 |   3 |  492.0 |
       Dungeon |   1476 |   1403 |     73 |      0 |   1106 |   3 |  492.0 |
               +--------+--------+--------+--------+--------+-----+--------+

Top non-repeatable levels by time:
     D:1: 912 daAuts
     D:2: 418 daAuts
     D:3: 146 daAuts
